 Dungeon Crawl Stone Soup version 0.29-a0-356-g7bc237e783 (webtiles) character file.

Game seed: 12484150658829813853

2354 rabbitsville the Skirmisher (level 9, -5/72 HPs)
             Began as a Human Ice Elementalist on Apr 26, 2022.
             Was a Believer of Qazlal.
             Slain by an orc knight
             ... wielding a +0 war axe
              (17 damage)
             ... in a bailey.
             The game lasted 00:24:30 (5247 turns).

rabbitsville the Skirmisher (HuIE)                  Turns: 5247, Time: 00:24:30

Health: -5/72      AC:  8    Str: 10    XL:     9   Next: 71%
Magic:  11/13      EV: 12    Int: 19    God:    Qazlal [**....]
Gold:   203        SH:  3    Dex: 13    Spells: 12/13 levels left

rFire   . . .      SeeInvis +   o - +14 obsidian axe {vorpal, Mesm Drain Fly SInv}
rCold   . . .      Faith    .   (no shield)
rNeg    . . .      Spirit   .   h - +0 steam dragon scales
rPois   .          Reflect  .   (no helmet)
rElec   .          Harm     .   l - +1 cloak
rCorr   .          Rampage  .   (no gloves)
Will    +....                   g - +0 pair of boots
Stlth   ++........              v - amulet of regeneration
HPRegen 1.02/turn               e - ring of willpower
MPRegen 0.13/turn               (no ring)

@: flying, mesmerised
A: no striking features
a: Renounce Religion, Upheaval


You were in a bailey.
You worshipped Qazlal.
Qazlal was pleased with you.
You visited 1 branch of the dungeon, and saw 8 of its levels.
You also visited: Bailey.

You collected 203 gold pieces.

Inventory:

Hand Weapons
 d - a +0 dagger
 j - a +0 vampiric hand axe
 o - the +14 obsidian axe (weapon) {vorpal, Mesm Drain Fly SInv}
   (You took it off a gnoll on level 2 of the Dungeon)

   It inflicts extra damage upon your enemies.
   It occasionally summons demons to assist the wielder when it strikes in
   combat.
   Its wielder is mesmerised by any visible foes.
   It cannot be unequipped while any foes are visible.
   SInv:      It lets you see invisible.
   Fly:       It grants you flight.
   Drain:     It drains your maximum health when unequipped.
Armour
 a - a +0 robe
 g - a +0 pair of boots (worn)
 h - +0 steam dragon scales (worn)
 l - a +1 cloak (worn)
 s - a +0 leather armour
Jewellery
 e - a ring of willpower (left hand)
 v - an amulet of regeneration (around neck)
Wands
 p - a wand of digging (4)
 w - a wand of polymorph (9)
 B - a wand of acid (2)
Scrolls
 f - a scroll of vulnerability {unknown}
 k - a scroll of noise {unknown}
 m - 5 scrolls of identify {unknown}
 n - 3 scrolls of magic mapping {unknown}
 r - 3 scrolls of teleportation {unknown}
 t - a scroll of fear {unknown}
 u - a scroll of blinking {unknown}
 x - a scroll of fog {unknown}
 y - a scroll of amnesia {unknown}
Potions
 b - 2 potions of magic
 c - a potion of invisibility
 i - 2 potions of degeneration
 q - 2 potions of curing
 z - a potion of flight {unknown}
 A - a potion of haste {unknown}
 C - a potion of heal wounds {unknown}


   Skills:
 * Level 7.3 Fighting
 * Level 7.3 Axes
 - Level 2.0 Dodging
 - Level 2.0 Stealth
 - Level 2.8 Spellcasting
 - Level 4.7 Ice Magic
 + Level 5.7 Invocations


You had 12 spell levels left.
You knew the following spells:

 Your Spells              Type           Power      Damage    Failure   Level
a - Freeze                Ice            80%        1d9       2%          1

Your spell library contained the following spells:

 Spells                   Type           Power      Damage    Failure   Level
 Frozen Ramparts          Ice            40%        1d6       7%          3
 Ozocubu's Armour         Ice            20%        N/A       7%          3
 Corpse Rot               Necr/Air       4%         N/A       24%         2
 Poisonous Vapours        Pois/Air       4%         N/A       24%         2
 Hailstorm                Conj/Ice       11%        3d5       50%         4
 Metabolic Englaciation   Hex/Ice        5%         N/A       85%         5
 Simulacrum               Ice/Necr       5%         N/A       100%        6


Dungeon Overview and Level Annotations

Branches:
Dungeon (9/15)             Bailey (1/1)
 Temple: D:4-7         Lair: D:8-11         Orc: D:9-12

Altars:
Ashenzari
Cheibriados
Gozag
Kikubaaqudgha
Qazlal
The Shining One

Shops:
D:2 (

Annotations:
D:8 Erica


Message History

Found 2 potions of invisibility.
Visions of slaying the orc knight flood into your mind.
The orc knight shouts!
You swap places.
Your hellwing disappears in a puff of smoke!
You are no longer entranced.
Visions of slaying the orc knight flood into your mind.
You break out of your daze!
Visions of slaying the orc knight flood into your mind.
Found three items.
You cannot move away from the orc knight!
Okay, then.
Unknown command.
Aiming: Upheaval
Press: ? - help, Dir - move target, f - orc knight
Aim: an orc knight, wielding a +0 war axe and wearing a +0 scale mail (mesmerising)
The ground shakes violently, spewing rubble!
The blast of rubble hits the orc knight!
The orc knight is lightly wounded.
The orc knight hits you with a +0 war axe!
You slash the orc knight!
The orc knight is moderately wounded.
The orc knight hits you with a +0 war axe.
You closely miss the orc knight.
The orc knight is moderately wounded.
The orc knight hits you with a +0 war axe.
You slash the orc knight!
The orc knight is heavily wounded.
The orc knight hits you with a +0 war axe!!
You slash the orc knight!
The orc knight is severely wounded.
The orc knight hits you with a +0 war axe!!
* * * LOW HITPOINT WARNING * * *
It was a potion of curing.
You feel better. The orc knight barely misses you.
You slash the orc knight! You open a gate to Pandemonium!
A demon appears!
The orc knight is almost dead.
The orc knight hits you with a +0 war axe!
* * * LOW HITPOINT WARNING * * *
The orc knight hits you with a +0 war axe!
You die...

...#≈≈≈≈≈#
####.#≈≈≈≈≈#
+))#.)≈≈≈≈≈#
#))#.≈≈≈≈≈≈#
#..#.)≈≈≈≈≈#
######.≈≈≈≈≈≈#
8.8..#.≈≈≈≈≈≈#
......°☼≈3≈≈≈#
..#o@○≈≈≈≈#
####§≈≈≈≈≈≈#
#..#.≈≈≈≈≈≈#
#!!#.≈≈≈≈≈≈#
+?!#.≈≈≈≈≈≈#
####.#≈≈≈≈≈#
...#≈≈≈≈≈#
....#≈≈≈≈≈#
..#+#≈≈≈≈≈#


You could see an orc knight (mesmerising, ally target) and a friendly neqoxec
(summoned).

Vanquished Creatures
  A wyvern (D:8)
  An acid dragon (D:5)
  A water moccasin (D:9)
  A black bear (D:8)
  An ogre (D:5)
  A wolf (D:8)
  A bullfrog (D:9)
  3 scorpions (D:5)
  4 wights (D:9)
  2 electric eels (Bailey)
  2 hounds (D:5)
  An iguana (D:4)
  An orc wizard (D:9)
  3 gnolls (D:2)
  5 adders
  An ufetubus (D:4)
  A worm (D:3)
  3 dart slugs
  3 orcs
  3 bats
  2 endoplasms
  A giant cockroach (D:1)
  6 goblins
  7 hobgoblins
  6 jackals (D:1)
  5 kobolds
  4 quokkas
  A ball python (D:2)
  2 frilled lizards (D:1)
  5 rats
78 creatures vanquished.

Vanquished Creatures (collateral kills)
  A kobold demonologist (Bailey)
  Sigmund (D:5)
  A steam dragon (D:4)
  2 orc warriors (Bailey)
  A scorpion (D:5)
  3 electric eels (Bailey)
  An iguana (D:5)
  3 gnolls (D:5)
  A worm (D:3)
  An orc (D:5)
  A ball python (D:3)
  An endoplasm (D:3)
  2 giant cockroaches (D:3)
  2 kobolds (D:8)
  A rat (D:3)
22 creatures vanquished.

Vanquished Creatures (others)
  8 plants (D:8)
8 creatures vanquished.

Grand Total: 108 creatures vanquished

Notes
Turn   | Place    | Note
-------+----------+-------------------------------------------
     0 | D:1      | rabbitsville the Human Ice Elementalist began the quest for
                  | the Orb.
     0 | D:1      | Reached XP level 1. HP: 13/13 MP: 3/3
   176 | D:1      | Reached XP level 2. HP: 19/19 MP: 1/5
   661 | D:1      | Reached XP level 3. HP: 20/24 MP: 0/6
   931 | D:1      | Found a faded altar of an unknown god.
   938 | D:1      | Prayed at the altar of an unknown god.
   938 | D:1      | Became a worshipper of Qazlal Stormbringer
   938 | D:1      | Reached * piety under Qazlal
  1070 | D:2      | Found Dobujooq's Antique Weapon Shop.
  1228 | D:2      | Reached XP level 4. HP: 14/30 MP: 5/8
  1389 | D:2      | Reached skill level 1 in Invocations
  1751 | D:2      | Reached skill level 1 in Fighting
  1819 | D:2      | Reached skill level 1 in Axes
  2402 | D:3      | Reached XP level 5. HP: 37/37 MP: 9/9
  2499 | D:3      | Reached ** piety under Qazlal
  2631 | D:3      | Found an opulent altar of Gozag.
  2668 | D:3      | Found a snail-covered altar of Cheibriados.
  3013 | D:3      | Found a glowing golden altar of the Shining One.
  3013 | D:3      | Found a broken altar of Ashenzari.
  3310 | D:4      | Noticed a steam dragon
  3317 | D:4      | Killed a steam dragon
  3318 | D:4      | Reached XP level 6. HP: 7/46 MP: 10/10
  3718 | D:4      | Found an ancient bone altar of Kikubaaqudgha.
  4110 | D:5      | Entered Level 5 of the Dungeon
  4159 | D:5      | Reached XP level 7. HP: 52/52 MP: 11/11
  4393 | D:5      | Noticed an acid dragon
  4401 | D:5      | Killed an acid dragon
  4402 | D:5      | Reached XP level 8. HP: 36/61 MP: 12/12
  4554 | D:5      | Noticed Sigmund
  4563 | D:5      | Killed Sigmund
  4564 | D:5      | Reached skill level 5 in Fighting
  4564 | D:5      | Reached skill level 5 in Axes
  4765 | D:6      | You are sucked into a shaft and drop 3 floors!
  4882 | D:8      | Noticed a wyvern
  4884 | D:8      | Noticed Erica
  4884 | D:8      | Noticed a wyvern
  4885 | D:8      | Noticed a wyvern
  4889 | D:8      | Noticed a wyvern
  4890 | D:8      | Killed a wyvern
  4891 | D:8      | Reached XP level 9. HP: 47/69 MP: 10/13
  4984 | D:9      | Reached skill level 5 in Invocations
  5036 | D:9      | Found a flagged portal.
  5048 | Bailey   | Entered a bailey
  5187 | Bailey   | Noticed a kobold demonologist
  5209 | Bailey   | Killed a kobold demonologist
  5220 | Bailey   | Noticed an orc knight
  5247 | Bailey   | Slain by an orc knight

Illustrated notes

Levels and vault maps discovered:
D:1:      spicycebolla_arrival_xxxplode, layout_rooms,
          shapermc_ecumenical_altar_pompeii, chequers_jeans,
          minmay_misc_feat_tower
D:2:      layout_loops_ring, serial_shops, shop
D:3:      layout_basic, cheibrodos_worm_habitat, grunt_gozag_statues,
          gammafunk_temple_overflow_elements
D:4:      layout_loops_ring, mainiacjoe_overflow_paths
D:5:      layout_basic, kennysheep_generic_room_15, uniq_sigmund
D:6:      layout_basic, minmay_temple_entry_ruins, minmay_curled_crystal
D:8:      layout_loops_ring, nicolae_overflow_crystal_walls,
          minmay_lair_entry_grove, uniq_prince_ribbit1, uniq_erica, uniq_grum
D:9:      layout_stronghold, enter_bailey_1, corexii_corridor_pit, minivault_15
Bailey:   bailey_axe_of_yendor_kennysheep, bailey

Skill      XL: |  1  2  3  4  5  6  7  8  9 |
---------------+----------------------------+-----
Invocations    | 1 2 3 4 5 |  5.7
Fighting       | 1 2 3 4 6 7 |  7.3
Axes           | 1 2 3 4 6 7 |  7.3
Dodging        | |  2.0
Stealth        | |  2.0
Spellcasting   | |  2.8
Ice Magic      | |  4.7

Action                   |  1- 3 |  4- 6 |  7- 9 || total
-------------------------+-------+-------+-------++-------
Melee: Dagger            |    29 |       |       ||    29
       Hand axe          |     5 |       |       ||     5
       Broad axe         |       |    46 |    57 ||   103
       Punch             |       |       |     1 ||     1
 Cast: Freeze            |    44 |     2 |       ||    46
Invok: Upheaval          |       |       |     2 ||     2
  Use: Potion            |       |     4 |     1 ||     5
 Stab: Sleeping          |     1 |       |       ||     1
Armor: Robe              |    14 |     2 |       ||    16
       Leather armour    |       |     3 |       ||     3
       Steam dragon scal |       |     9 |    12 ||    21
Dodge: Dodged            |    51 |    17 |    31 ||    99
Block: Other             |       |     3 |     6 ||     9

Table legend: (Time is in decaauts)
 A = Elapsed time spent in this place.
 B = Non-inter-level travel time spent in this place.
 C = Inter-level travel time spent in this place.
 D = Time resting spent in this place.
 E = Time spent auto-exploring this place.
 F = Levels seen in this place.
 G = Mean time per level.
                   A        B        C        D        E       F      G
               +--------+--------+--------+--------+--------+-----+--------+
         Total |   5302 |   5172 |    130 |    666 |   3069 |   9 |  589.1 |
       Dungeon |   5100 |   4970 |    130 |    593 |   3069 |   8 |  637.5 |
        Bailey |    202 |    202 |      0 |     73 |      0 |   1 |  202.0 |
               +--------+--------+--------+--------+--------+-----+--------+

Top non-repeatable levels by time:
     D:2: 1162 daAuts
     D:1: 1058 daAuts
     D:3: 1023 daAuts
     D:4: 901 daAuts
     D:5: 664 daAuts
     D:9: 274 daAuts
  Bailey: 202 daAuts
     D:8: 17 daAuts
